 Dungeon Crawl Stone Soup version 0.29-a0-319-gad05b8d819 (webtiles) character file.

Game seed: 10318819781556374918

511 tilp the Chopper (level 7, 0/66 HPs)
             Began as a Mayflytaur Fighter on Apr 1, 2022.
             Was an Initiate of Gozag.
             Slain by a troll (9 damage)
             ... on level 6 of the Dungeon.
             The game lasted 00:04:51 (810 turns).

tilp the Chopper (Mayflytaur Fighter)                Turns: 810, Time: 00:04:53

Health: 0/66       AC: 12    Str: 19    XL:     7   Next: 19%
Magic:  8/8        EV: 11    Int: 10    God:    Gozag
Gold:   234        SH:  5    Dex: 14    Spells: 6/6 levels left

rFire   + . .      SeeInvis .   a - +0 war axe
rCold   . . .      Faith    .   c - +0 buckler
rNeg    . . .      Spirit   .   m - +3 chain mail {rF+}
rPois   .          Reflect  .   (no helmet)
rElec   .          Harm     .   (no cloak)
rCorr   .          Rampage  .   (no gloves)
Will    .....                   (no boots)
Stlth   ..........              (no amulet)
HPRegen 0.21/turn               e - +4 ring of evasion
MPRegen 0.22/turn               (no ring)

@: flying
A: damage resistance, big wings, sense surroundings 1, magic regeneration, short
lifespan
a: Renounce Religion, Potion Petition, Call Merchant, Bribe Branch


You were on level 6 of the Dungeon.
You worshipped Gozag.
Gozag was aware of your devotion.
You visited 1 branch of the dungeon, and saw 6 of its levels.

You collected 234 gold pieces.

Inventory:

Hand Weapons
 a - a +0 war axe (weapon)
Missiles
 f - 80 stones
 j - a poisoned dart (quivered)
 k - 4 curare-tipped darts
Armour
 c - a +0 buckler (worn)
 m - a +3 chain mail of fire resistance (worn)
Jewellery
 e - a +4 ring of evasion (left hand)
Potions
 g - a potion of ambrosia {unknown}
 h - a potion of haste {unknown}
 l - 3 potions of attraction


   Skills:
 + Level 4.5 Fighting
 + Level 6.3 Axes
 + Level 3.9 Armour
 + Level 1.8 Dodging
 + Level 2.3 Stealth
 + Level 3.9 Shields


You had 6 spell levels left.
You didn't know any spells.
Your spell library contained the following spells:

 Spells                   Type           Power      Damage    Failure   Level
 Sublimation of Blood     Necr           0%         N/A       100%        2
 Animate Armour           Summ/Erth      0%         N/A       100%        4
 Petrify                  Tmut/Erth      0%         N/A       100%        4
 Blade Hands              Tmut           0%         N/A       100%        5
 Irradiate                Conj/Tmut      0%         3d13      100%        5
 Iron Shot                Conj/Erth      0%         9d1       100%        6


Dungeon Overview and Level Annotations

Branches:
Dungeon (6/15)
 Temple: D:4-7

Altars:
Gozag
Ru

Shops:
D:5 [


Innate Abilities, Weirdness & Mutations

You are resistant to damage.
Your large and strong wings let you fly.
You passively map a small area around you.
You regenerate magic rapidly.
You are easily found by Zot.


Message History

The poisoned dart barely misses the troll.
You throw a poisoned dart.
The poisoned dart closely misses the troll.
You throw a poisoned dart. The poisoned dart hits the troll.
You slash the troll!
The troll is moderately wounded.
You block the troll's attack. x2; The troll barely misses you.
You barely miss the troll.
The troll is moderately wounded.
The troll bites you! The troll claws you. x2
You hit the troll.
The troll is heavily wounded.
The troll bites you but does no damage. The troll barely misses you.
The troll misses you. The troll bites you.
The troll claws you but does no damage. x2
You closely miss the troll.
The troll is heavily wounded.
The troll looks more healthy.
You block the troll's attack. The troll claws you.
You block the troll's attack.
You closely miss the troll.
The troll is heavily wounded.
The troll closely misses you. The troll claws you. x2
You slash the troll!
The troll is almost dead.
The troll barely misses you. The troll closely misses you.
The troll claws you but does no damage.
You closely miss the troll.
The troll is almost dead.
The troll bites you!
* * * LOW HITPOINT WARNING * * *
You block the troll's attack. The troll claws you.
* * * LOW HITPOINT WARNING * * *
You closely miss the troll.
The troll is severely wounded.
The troll bites you but does no damage. The troll claws you but does no damage.
The troll barely misses you. The troll bites you!
* * * LOW HITPOINT WARNING * * *
The troll claws you!
You die...
Your body crumbles into a pile of gold.

, * , , $
, , , , **
, * $ , ,
,, *,,* .
$
....#####
, $
.....(T@#
,..(.....#
,
###(....#
........#
###.....#
*
#.....#**
, ,
....... ,
* ##.....#
, ,


You could see a troll.

Vanquished Creatures
  An ogre (D:5)
  A phantom (D:4)
  2 scorpions (D:5)
  A hound (D:4)
  2 jellies (D:4)
  An iguana (D:5)
  Terence (D:3)
  An orc wizard (D:3)
  An adder (D:5)
  2 dart slugs
  7 orcs
  A ball python (D:3)
  2 bats (D:3)
  3 endoplasms
  2 giant cockroaches
  7 goblins
  3 hobgoblins
  2 jackals (D:2)
  6 kobolds
  5 quokkas
  A frilled lizard (D:2)
  3 rats
55 creatures vanquished.

Notes
Turn   | Place    | Note
-------+----------+-------------------------------------------
     0 | D:1      | tilp the Mayflytaur Fighter began the quest for the Orb.
     0 | D:1      | Reached XP level 1. HP: 21/21 MP: 2/2
    96 | D:1      | Reached XP level 2. HP: 28/28 MP: 3/3
    96 | D:1      | Glimpsed the power of Zot.
   150 | D:1      | Reached skill level 3 in Axes
   184 | D:2      | Glimpsed the power of Zot.
   225 | D:3      | Reached XP level 3. HP: 36/36 MP: 4/4
   276 | D:3      | Reached skill level 4 in Axes
   276 | D:3      | Reached XP level 4. HP: 6/44 MP: 5/5
   371 | D:4      | Noticed a phantom
   475 | D:3      | Noticed Terence
   486 | D:3      | Killed Terence
   487 | D:3      | Reached skill level 5 in Axes
   487 | D:3      | Reached XP level 5. HP: 38/50 MP: 6/6
   507 | D:3      | Found a faded altar of an unknown god.
   525 | D:3      | Prayed at the altar of an unknown god.
   525 | D:3      | Became a worshipper of Gozag Ym Sagoz the Greedy
   555 | D:4      | Found a sacrificial altar of Ru.
   644 | D:4      | Reached skill level 6 in Axes
   700 | D:4      | Killed a phantom
   701 | D:4      | Reached skill level 1 in Stealth
   701 | D:4      | Gained mutation: You regenerate magic rapidly. [Mayflytaur
                  | growth]
   701 | D:4      | Reached XP level 6. HP: 56/57 MP: 7/7
   709 | D:5      | Entered Level 5 of the Dungeon
   726 | D:5      | Reached skill level 1 in Dodging
   760 | D:5      | Found Doadocif's Antique Armour Emporium.
   770 | D:5      | Reached XP level 7. HP: 42/66 MP: 8/8
   791 | D:5      | Noticed a two-headed ogre
   798 | D:6      | Noticed a troll
   810 | D:6      | Slain by a troll

Illustrated notes

Levels and vault maps discovered:
D:1:      dpeg_arrival_refuge, layout_loops_ring
D:2:      layout_loops_corners
D:3:      layout_rooms, dreamdust_ecumenical_altar_statues, serial_rivers,
          chequers_serial_rivers_micro_e, chequers_serial_rivers_marsh,
          chequers_serial_rivers_micro_b, chequers_serial_rivers_micro_e,
          uniq_crazy_yiuf_cottage, uniq_terence
D:4:      layout_basic, nicolae_ru_awakened_eye, serial_shops, shop,
          st_stairs_11
D:5:      minmay_skewed_foursquare, layout_cave_pools,
          minmay_temple_entry_from_below_b, serial_shops,
          nicolae_lakefront_shop, shop, shop, shop, shop, grunt_tough_drop,
          uniq_prince_ribbit1, uniq_grinder
D:6:      layout_rooms, portal_sewer_entry_f

Skill      XL: |  1  2  3  4  5  6 |
---------------+-------------------+-----
Axes           | 3 4 5 6 |  6.3
Fighting       | 4 |  4.5
Stealth        | 1 2 |  2.3
Dodging        | 1 |  1.8
Armour         | |  3.9
Shields        | |  3.9

Action                   |  1- 3 |  4- 6 |  7- 9 || total
-------------------------+-------+-------+-------++-------
Melee: War axe           |    69 |    94 |    12 ||   175
Throw: Dart              |       |       |     4 ||     4
  Use: Scroll            |       |     7 |       ||     7
       Potion            |       |     1 |       ||     1
Armor: Scale mail        |    15 |       |       ||    15
       Chain mail        |    39 |    46 |     7 ||    92
Dodge: Dodged            |    49 |    55 |     8 ||   112
Block: Buckler           |    21 |    25 |     7 ||    53

Table legend: (Time is in decaauts)
 A = Elapsed time spent in this place.
 B = Non-inter-level travel time spent in this place.
 C = Inter-level travel time spent in this place.
 D = Time resting spent in this place.
 E = Time spent auto-exploring this place.
 F = Levels seen in this place.
 G = Mean time per level.
                   A        B        C        D        E       F      G
               +--------+--------+--------+--------+--------+-----+--------+
         Total |    869 |    849 |     20 |      0 |      0 |   6 |  144.8 |
       Dungeon |    869 |    849 |     20 |      0 |      0 |   6 |  144.8 |
               +--------+--------+--------+--------+--------+-----+--------+

Top non-repeatable levels by time:
     D:3: 308 daAuts
     D:4: 216 daAuts
     D:1: 145 daAuts
     D:2: 92 daAuts
     D:5: 92 daAuts
     D:6: 13 daAuts
